 Dungeon Crawl Stone Soup version 0.20-a0-277-g7db01f4 (webtiles) character file.

121 ololoev the Grave Robber (level 5, -2/38 HPs)
             Began as a Hill Orc Necromancer on Dec 12, 2016.
             Slain by Crazy Yiuf
             ... wielding a +3 quarterstaff of chaos
              (5 damage)
             ... on level 2 of the Dungeon.
             The game lasted 00:13:45 (3175 turns).

ololoev the Grave Robber (Hill Orc Necromancer)     Turns: 3175, Time: 00:13:46

Health: -2/38      AC:  3    Str: 11    XL:     5   Next: 5%
Magic:  0/8        EV: 12    Int: 16    God:
Gold:   122        SH:  0    Dex: 11    Spells: 3/8 levels left

rFire  . . .     SeeInvis .     e - +0 dagger
rCold  . . .     Gourm    .     a - +0 robe
rNeg   . . .     Faith    +     (no shield)
rPois  .         Spirit   .     c - +0 helmet
rElec  .         Reflect  .     (no cloak)
rCorr  .         Harm     .     (no gloves)
MR     .....                    (no boots)
Stlth  +++.......               j - amulet of faith
                                (no ring)
                                h - ring of stealth

@: very slightly contaminated
A: no striking features
a: no special abilities

Inventory:

Hand Weapons
 e - a +0 dagger (weapon)
Armour
 a - a +0 robe (worn)
 c - a +0 helmet (worn)
Jewellery
 h - a ring of stealth (left hand)
 j - an amulet of faith (around neck)
Scrolls
 d - a scroll of teleportation {unknown}
 i - a scroll of enchant armour {unknown}
 k - 3 scrolls of identify {unknown}
 l - a scroll of amnesia {unknown}
 m - a scroll of fear {unknown}
 n - a scroll of noise {unknown}
 o - a scroll of recharging {unknown}
Books
 b - a book of Necromancy

   Spells                             Type                      Level
   a - Pain                           Necromancy                   1
   b - Animate Skeleton               Necromancy                   1
   c - Vampiric Draining              Necromancy                   3
   d - Regeneration                   Charms/Necromancy            3
   e - Animate Dead                   Necromancy                   4
   f - Control Undead                 Necromancy                   4
Comestibles
 f - a meat ration
 g - a beef jerky


   Skills:
 * Level 2.9 Armour
 - Level 1.5 Dodging
 - Level 1.5 Stealth
 + Level 2.2 Spellcasting
 * Level 4.9 Necromancy


You had 3 spell levels left.
You knew the following spells:

 Your Spells              Type           Power        Failure   Level  Hunger
a - Pain                  Necr           ###.         3%          1    #......
b - Animate Skeleton      Necr           N/A          3%          1    #......
g - Regeneration          Chrm/Necr      #.........   21%         3    ###....


You were on level 2 of the Dungeon.
You were not hungry.

You visited 1 branch of the dungeon, and saw 2 of its levels.

You collected 122 gold pieces.

#..........>......#
#.#########.......# #.
#.......# #. #.#####.######
#.#########.#####.......
###.........#.............
###...........########..####
.'...........'.........##
#........@..########...#
#.......g...# #.#.#
#...###...### #.#.#
#......######### #.#.###
#......#.......# #.#.#..
##.....#.......# #.#....
#....[#.......# #.'....
#.....#.......# ###...#
#.....#.......# #.Z...#

Notes
Turn   | Place    | Note
-------+----------+-------------------------------------------
     0 | D:1      | ololoev the Hill Orc Necromancer began the quest for the Orb.
     0 | D:1      | Reached XP level 1. HP: 14/14 MP: 3/3
   214 | D:1      | Reached XP level 2. HP: 19/20 MP: 1/4
   244 | D:1      | Learned a level 1 spell: Animate Skeleton
   667 | D:1      | Reached skill level 1 in Armour
   692 | D:1      | You fall through a shaft!
   839 | D:1      | Reached XP level 3. HP: 25/26 MP: 2/5
   844 | D:1      | Learned a level 3 spell: Regeneration
  1193 | D:2      | Found a runed door.
  1377 | D:2      | Noticed Crazy Yiuf
  1807 | D:2      | Noticed Robin
  1851 | D:2      | Reached XP level 4. HP: 18/33 MP: 3/7
  2152 | D:2      | Found a glowing silver altar of Zin.
  2187 | D:2      | Noticed Terence
  2202 | D:2      | Killed Terence
  2438 | D:2      | HP: 1/33 [Robin/club (4)]
  2683 | D:2      | Killed Robin
  3014 | D:2      | Reached XP level 5. HP: 35/38 MP: 4/8
  3175 | D:2      | Slain by Crazy Yiuf

Dungeon Overview and Level Annotations

Branches:
Dungeon (2/15)

Altars:
Zin

Annotations:
D:2 Crazy Yiuf


Message History

There is an open door here.
Found a ring mail.
m - a scroll labeled FIYRIT GYSO You see here 7 gold pieces.
You now have 122 gold pieces (gained 7).
Crazy Yiuf shouts!
Crazy Yiuf grits, "Snurf light bush!"
Casting: Pain
Confirm with . or Enter, or press ? or * to list all spells.
You can't see any susceptible monsters within range! (Use Z to cast anyway.) Crazy Yiuf says, "I'm not crazy!"
Casting: Pain
Confirm with . or Enter, or press ? or * to list all spells.
You can't see any susceptible monsters within range! (Use Z to cast anyway.) Crazy Yiuf screams, "Liver ena noodlescoop!"
Casting: Pain
Confirm with . or Enter, or press ? or * to list all spells.
Aiming: Pain
Press: ? - help, Shift-Dir - straight line, f - Crazy Yiuf
Aim: Crazy Yiuf, wielding a quarterstaff of chaos and wearing a runed cloak (chance to defeat MR: 82%) Crazy Yiuf writhes in agony!
Crazy Yiuf screams, "Liver poople Hive!"
Casting: Pain
Confirm with . or Enter, or press ? or * to list all spells.
Aiming: Pain
Press: ? - help, Shift-Dir - straight line, f/p - Crazy Yiuf
Aim: Crazy Yiuf, wielding a quarterstaff of chaos and wearing a runed cloak (moderately wounded, chance to defeat MR: 82%) Crazy Yiuf writhes in agony!
Casting: Pain
Confirm with . or Enter, or press ? or * to list all spells.
Aiming: Pain
Press: ? - help, Shift-Dir - straight line, f/p - Crazy Yiuf
Aim: Crazy Yiuf, wielding a quarterstaff of chaos and wearing a runed cloak (heavily wounded, chance to defeat MR: 82%) Crazy Yiuf resists with significant effort.
Casting: Pain
Confirm with . or Enter, or press ? or * to list all spells.
Aiming: Pain
Press: ? - help, Shift-Dir - straight line, f/p - Crazy Yiuf
Aim: Crazy Yiuf, wielding a quarterstaff of chaos and wearing a runed cloak (moderately wounded, chance to defeat MR: 82%)
You miscast Pain.
You are very lightly contaminated with residual magic.
Nothing appears to happen.
Casting: Pain
Confirm with . or Enter, or press ? or * to list all spells.
Aiming: Pain
Press: ? - help, Shift-Dir - straight line, f/p - Crazy Yiuf
Aim: Crazy Yiuf, wielding a quarterstaff of chaos and wearing a runed cloak (moderately wounded, chance to defeat MR: 82%) Crazy Yiuf writhes in agony!
Crazy Yiuf barely misses you.
Casting: Pain
Confirm with . or Enter, or press ? or * to list all spells.
Aiming: Pain
Press: ? - help, Shift-Dir - straight line, f/p - Crazy Yiuf
Aim: Crazy Yiuf, wielding a quarterstaff of chaos and wearing a runed cloak (severely wounded, chance to defeat MR: 82%) Crazy Yiuf resists with significant effort.
Crazy Yiuf hits you with a quarterstaff of chaos.
Casting: Pain
Confirm with . or Enter, or press ? or * to list all spells.
Aiming: Pain
Press: ? - help, Shift-Dir - straight line, f/p - Crazy Yiuf
Aim: Crazy Yiuf, wielding a quarterstaff of chaos and wearing a runed cloak (severely wounded, chance to defeat MR: 82%) Crazy Yiuf writhes in agony!
Crazy Yiuf hits you with a quarterstaff of chaos.
Casting: Pain
Confirm with . or Enter, or press ? or * to list all spells.
Aiming: Pain
Press: ? - help, Shift-Dir - straight line, f/p - Crazy Yiuf
Aim: Crazy Yiuf, wielding a quarterstaff of chaos and wearing a runed cloak (almost dead, chance to defeat MR: 82%)
You miscast Pain.
The world around you seems to dim momentarily.
Crazy Yiuf hits you with a quarterstaff of chaos!
Casting: Pain
Confirm with . or Enter, or press ? or * to list all spells.
Aiming: Pain
Press: ? - help, Shift-Dir - straight line, f/p - Crazy Yiuf
Aim: Crazy Yiuf, wielding a quarterstaff of chaos and wearing a runed cloak (almost dead, chance to defeat MR: 82%) Crazy Yiuf resists with significant effort.
Crazy Yiuf glowers.
Crazy Yiuf hits you with a quarterstaff of chaos!
Crazy Yiuf freezes you.
You die...

You could see Crazy Yiuf.

Vanquished Creatures
  Terence (D:2)
  Robin (D:2)
  3 adders (D:2)
  A dart slug (D:1)
  A leopard gecko (D:1)
  6 bats
  3 giant cockroaches (D:1)
  6 goblins
  6 hobgoblins (D:2)
  8 kobolds
  3 quokkas
  A frilled lizard (D:2)
  9 rats
49 creatures vanquished.

Vanquished Creatures (collateral kills)
  A giant cockroach (D:1)
  2 goblins (D:2)
  2 hobgoblins (D:2)
  A frilled lizard (D:1)
6 creatures vanquished.

Grand Total: 55 creatures vanquished

Action                   |  1- 3 |  4- 6 || total
-------------------------+-------+-------++-------
 Cast: Pain              |    70 |    57 ||   127
       Animate Skeleton  |    15 |     4 ||    19
       Regeneration      |       |     3 ||     3
  Use: Potion            |       |     2 ||     2
  Eat: Chunk             |     5 |     2 ||     7
       Bread ration      |       |     1 ||     1
Armor: Robe              |     1 |     3 ||     4
Dodge: Dodged            |     9 |    25 ||    34

Vault maps used:
D:1:      evilmike_arrival_plus
D:2:      overflow_temple_1_default, nemelex_spade_bored_becter,
          uniq_crazy_yiuf_cottage, uniq_terence, uniq_robin
